 Dungeon Crawl Stone Soup version 0.27-a0-1217-g8a41f320e8 (webtiles) character file.

Game seed: 7108439952008169

172 Glokmah the Insei (level 5, -3/34 HPs)
             Began as an Octopode Transmuter on June 6, 2021.
             Was an Initiate of Gozag.
             Slain by a quokka (5 damage)
             ... on level 3 of the Dungeon.
             The game lasted 00:04:09 (2695 turns).

Glokmah the Insei (Octopode Transmuter)             Turns: 2695, Time: 00:04:10

Health: -3/34      AC:  1    Str: 11    XL:     5   Next: 53%
Magic:  2/9        EV: 13    Int: 15    God:    Gozag
Gold:   168        SH:  0    Dex: 12    Spells: 1/9 levels left

rFire    . . .     SeeInvis .   k - staff of poison
rCold    . . .     Faith    .   (no shield)
rNeg     . . .     Spirit   .   (helmet restricted)
rPois    +         Reflect  .   (no amulet)
rElec    .         Harm     .   (no ring)
rCorr    .         Rampage  .   (no ring)
Will     .....                  (no ring)
Stlth    ++........             (no ring)
HPRegen  0.11/turn              (no ring)
MPRegen  0.11/turn              (no ring)
                                (no ring)
                                (no ring)

@: lethally poisoned (-3 -> -18), wereblooded, gold aura, attractive
A: almost no armour, amphibious, 8 rings, camouflage 1, gelatinous body 1,
(nimble swimmer 1), tentacles
a: Renounce Religion, Potion Petition, Call Merchant, Bribe Branch


You were on level 3 of the Dungeon.
You worshipped Gozag.
Gozag was aware of your devotion.
You visited 1 branch of the dungeon, and saw 3 of its levels.

You collected 188 gold pieces.
You paid 20 gold pieces to Gozag.

Inventory:

Missiles
 c - a throwing net
 d - 20 poisoned darts
Magical Staves
 k - a staff of poison (weapon)
Scrolls
 b - a scroll of magic mapping {unknown}
 e - a scroll of teleportation {unknown}
 f - a scroll of fear {unknown}
 h - a scroll of enchant weapon {unknown}
 j - a scroll of identify {unknown}
Potions
 g - a potion of might {unknown}
 i - a potion of berserk rage {unknown}


   Skills:
 + Level 2.1 Fighting
 - Level 2.0 Dodging
 * Level 4.1 Unarmed Combat
 + Level 2.6 Spellcasting
 + Level 0.7 Summonings
 * Level 3.4 Transmutations
 + Level 0.6 Poison Magic


You had one spell level left.
You knew the following spells:

 Your Spells              Type           Power      Damage    Failure   Level
a - Beastly Appendage     Tmut           24%        N/A       4%          1
b - Wereblood             Tmut           12%        N/A       8%          2
c - Call Imp              Summ           4%         N/A       22%         2
d - Spider Form           Tmut/Pois      6%         N/A       26%         3

Your spell library contained the following spells:

 Spells                   Type           Power      Damage    Failure   Level
 Summon Small Mammal      Summ           16%        N/A       16%         1
 Corona                   Hex            2%         N/A       21%         1
 Sandblast                Erth           4%         2d4       21%         1
 Passwall                 Tmut/Erth      5%         N/A       16%         2
 Ensorcelled Hibernation  Hex/Ice        4%         N/A       30%         2
 Call Canine Familiar     Summ           4%         N/A       41%         3
 Summon Guardian Golem    Hex/Summ       3%         N/A       47%         3
 Confusing Touch          Hex            2%         N/A       52%         3
 Dazzling Flash           Conj/Hex       4%         N/A       52%         3
 Stone Arrow              Conj/Erth      4%         3d7       52%         3
 Tukima's Dance           Hex            2%         N/A       52%         3
 Ice Form                 Ice/Tmut       7%         N/A       71%         4
 Petrify                  Tmut/Erth      7%         N/A       71%         4
 Hydra Form               Tmut           6%         N/A       80%         5
 Summon Ice Beast         Ice/Summ       3%         N/A       87%         4
 Summon Lightning Spire   Summ/Air       3%         N/A       87%         4
 Lee's Rapid Deconstruct  Erth           1%         3d5*      99%         5


Dungeon Overview and Level Annotations

Branches:
Dungeon (3/15)

Altars:
Gozag


Innate Abilities, Weirdness & Mutations

You cannot wear most types of armour.
You are amphibious.
You can wear up to eight rings at the same time.
Your skin changes colour to match your surroundings (Stealth+).
Your rubbery body absorbs attacks. (AC +1, EV +1)
((You are camouflaged near water. (Stealth+)))
You have tentacles for arms and can constrict up to eight enemies at once.


Message History

You kill the giant cockroach!
You hit the scorpion but do no damage. The scorpion misses you.
The scorpion stings you!
You barely miss the scorpion. The scorpion barely misses you.
You hit the scorpion.
The scorpion is lightly wounded.
The scorpion completely misses you.
You completely miss the scorpion.
The scorpion is lightly wounded.
The scorpion misses you. The quokka misses you.
You hit the scorpion but do no damage.
The scorpion is poisoned.
The scorpion is lightly wounded.
Your transformation is almost over.
The scorpion stings you.
You are lethally poisoned!
The scorpion poisons you! The quokka closely misses you.
You hit the scorpion.
The scorpion looks as sick as possible!
The scorpion is moderately wounded.
You feel very sick.
The scorpion stings you but does no damage.
The quokka barely misses you.
Okay, then.
Your transformation has ended.
Your staff of poison unmelds from your body.
* * * LOW HITPOINT WARNING * * *
You feel very sick.
You kill the scorpion!
The quokka closely misses you.
Your Fighting skill increases to level 2!
Okay, then.
Okay, then.
It was a potion of attraction.
You feel attractive to monsters.
* * * LOW HITPOINT WARNING * * *
You feel very sick. The quokka bites you.
* * * LOW HITPOINT WARNING * * *
The quokka bites you.
You die...
Your body crumbles into a pile of gold.

#.######### ...
#.# $.. #.# .. #.#
.. #.# # #. #.#
.### #. #.# .....
#$#######.##......
#$@r..............
#.................
#.................
#..............###
#..............#
#....###.....###
#....# #...#.#
#..$.. ....#.#
##...##....#..


You could see a quokka.

Vanquished Creatures
  A scorpion (D:3)
  7 gnolls (D:2)
  2 worms (D:2)
  A dart slug (D:2)
  7 ball pythons
  2 bats (D:1)
  2 endoplasms (D:1)
  3 giant cockroaches
  4 goblins
  3 hobgoblins
  4 jackals (D:2)
  A frilled lizard (D:1)
  A kobold (D:2)
  6 rats
44 creatures vanquished.

Notes
Turn   | Place    | Note
-------+----------+-------------------------------------------
     0 | D:1      | Glokmah the Octopode Transmuter began the quest for the
                  | Orb.
     0 | D:1      | Reached XP level 1. HP: 13/13 MP: 3/3
    13 | D:1      | Noticed a merfolk zombie
    19 | D:1      | Noticed a minotaur zombie
   303 | D:1      | Reached XP level 2. HP: 13/18 MP: 3/5
   574 | D:1      | Learned a level 2 spell: Wereblood
   577 | D:1      | Learned a level 2 spell: Call Imp
   896 | D:2      | Reached XP level 3. HP: 13/23 MP: 3/6
  1404 | D:2      | Found an opulent altar of Gozag.
  1412 | D:2      | Reached XP level 4. HP: 27/28 MP: 5/7
  1420 | D:2      | Became a worshipper of Gozag Ym Sagoz the Greedy
  2298 | D:2      | Learned a level 3 spell: Spider Form
  2321 | D:2      | Reached skill level 4 in Unarmed Combat
  2678 | D:3      | Noticed a scorpion
  2680 | D:3      | Reached XP level 5. HP: 34/34 MP: 6/8
  2695 | D:3      | Slain by a quokka

Illustrated notes

Levels and vault maps discovered:
D:1:      shiori_arrival_whats_in_store_for_you, layout_basic,
          kennysheep_nondescript
D:2:      layout_loops_ring, basic_altar
D:3:      layout_basic, kennysheep_big_empty_room, uniq_jessica,
          uniq_crazy_yiuf_cottage

Skill      XL: |  1  2  3  4  5 |
---------------+----------------+-----
Transmutations | 3 |  3.4
Unarmed Combat | 4 |  4.1
Fighting       | 2 |  2.1
Dodging        | |  2.0
Spellcasting   | |  2.6
Summonings     | |  0.7
Poison Magic   | |  0.6

Action                   |  1- 3 |  4- 6 || total
-------------------------+-------+-------++-------
Melee: Unarmed           |    49 |    45 ||    94
       Constrict         |    16 |    13 ||    29
       Kick              |    12 |     8 ||    20
       Tentacles         |    10 |     7 ||    17
       Punch             |       |     2 ||     2
 Cast: Beastly Appendage |    17 |     9 ||    26
       Wereblood         |     1 |     4 ||     5
       Spider Form       |       |     1 ||     1
 Abil: End Transformatio |       |     1 ||     1
  Use: Potion            |       |     1 ||     1
 Stab: Sleeping          |     5 |       ||     5
Armor: Skin              |     3 |     2 ||     5
Dodge: Dodged            |    28 |    27 ||    55

Table legend: (Time is in decaauts)
 A = Elapsed time spent in this place.
 B = Non-inter-level travel time spent in this place.
 C = Inter-level travel time spent in this place.
 D = Time resting spent in this place.
 E = Time spent auto-exploring this place.
 F = Levels seen in this place.
 G = Mean time per level.
                   A        B        C        D        E       F      G
               +--------+--------+--------+--------+--------+-----+--------+
         Total |   2692 |   2486 |    206 |    755 |   1268 |   3 |  897.3 |
       Dungeon |   2692 |   2486 |    206 |    755 |   1268 |   3 |  897.3 |
               +--------+--------+--------+--------+--------+-----+--------+

Top non-repeatable levels by time:
     D:2: 1427 daAuts
     D:1: 1147 daAuts
     D:3: 117 daAuts
